 Dungeon Crawl Stone Soup version 0.31-a0-187-gba352fbbf7 (webtiles) character file.

Game seed: 2163201912400645008

157 qw the Skirmisher (level 5, 0/29 HPs)
             Began as a Deep Elf Hunter on June 22, 2023.
             Succumbed to a gnoll's poison
             ... on level 3 of the Dungeon.
             The game lasted 00:00:43 (1927 turns).

qw the Skirmisher (Deep Elf Hunter)                 Turns: 1927, Time: 00:00:43

Health: 0/29       AC:  6    Str: 10    XL:     5   Next: 15%
Magic:  7/7        EV: 11    Int: 14    God:
Gold:   50         SH:  0    Dex: 18    Spells: 4/4 levels left

rFire   . . .        Y - +0 shortbow
rCold   . . .        (shield currently unavailable)
rNeg    . . .        g - +0 ring mail
rPois   +            (no helmet)
rElec   .            b - +0 cloak
rCorr   .            (no gloves)
SInv    .            (no boots)
Will    .....        (no amulet)
Stlth   +            d - ring of poison resistance
HPRegen 0.24/turn    (no ring)
MPRegen 0.10/turn

%: no passive effects
@: lethally poisoned (0 -> -8)
A: no striking features
a: no special abilities


You were on level 3 of the Dungeon.
You visited 1 branch of the dungeon, and saw 3 of its levels.

You collected 50 gold pieces.


   Skills:
 - Level 1.5 Fighting
 + Level 8.6 Ranged Weapons
 - Level 2.4 Dodging
 - Level 1.2 Stealth


You had 4 spell levels left.
You didn't know any spells.
Your spell library was empty.

Inventory:

Hand Weapons
 Y - a +0 shortbow (weapon)
Armour
 b - a +0 cloak (worn)
 g - a +0 ring mail (worn)
Jewellery
 c - a ring of positive energy
 d - a ring of poison resistance (left hand)
Scrolls
 e - a scroll of revelation {unknown}
Potions
 a - a potion of curing {unknown}
 h - a potion of invisibility {unknown}
 j - a potion of mutation {unknown}

Dungeon Overview and Level Annotations

Branches:
Dungeon (3/15)

Altars:

Annotations:
D:3 Robin


Message History

You shoot an arrow. The arrow hits the gnoll.
You kill the gnoll!
The goblin hits you but does no damage.
You shoot an arrow. The arrow closely misses the gnoll.
The gnoll misses you.
The gnoll hits you with a +0 whip of venom.
The goblin hits you but does no damage.
Robin hits you from afar with a +0 trident.
You shoot an arrow. The arrow completely misses the gnoll.
The goblin no longer looks unusually strong.
The gnoll hits you with a +0 whip. The gnoll barely misses you.
A ball python comes into view.
The goblin barely misses you.
Robin hits you from afar with a +0 trident.
1923 ||| DRINKING potion of heal wounds.
You feel much better.
The gnoll closely misses you. x2; The goblin closely misses you.
Robin hits you from afar with a +0 trident!
You shoot an arrow. The arrow barely misses the gnoll.
The gnoll barely misses you. The gnoll closely misses you.
The goblin hits you but does no damage.
Robin says, "My army is invincible!"
Robin roars a battlecry!
The goblin goes into a battle-frenzy!
You hear a shout! x2
You shoot an arrow. The arrow closely misses the gnoll.
The gnoll barely misses you.
The gnoll hits you with a +0 whip of venom.
You are poisoned.
The goblin hits you with a +0 dagger.
Robin hits you from afar with a +0 trident.
You shoot an arrow. The arrow barely misses the gnoll.
You feel very sick. The gnoll hits you with a +0 whip.
The gnoll hits you but does no damage. The goblin closely misses you.
Robin hits you from afar with a +0 trident.
You shoot an arrow.
The arrow hits the gnoll but does no damage.
The gnoll is moderately wounded.
You die...

. .# #. #.#
#.######..#
#........#
#........#
#.......###########
#.......#.........##
##.g.###....)....##
#g@....'..........'
#g######.........##
#g #.........## ..
#.........## .##
############ .. # ..
# .#. #


You could see Robin, 2 gnolls and a goblin (strong).

Vanquished Creatures
  A jelly (D:2)
  Jessica (D:2)
  2 gnolls
  2 adders (D:2)
  2 worms (D:2)
  7 ball pythons
  10 endoplasms
  A giant cockroach (D:1)
  7 goblins
  3 hobgoblins
  9 kobolds
  2 quokkas
  4 bats
  3 frilled lizards
  5 rats
59 creatures vanquished.

Notes
Turn   | Place    | Note
-------+----------+-------------------------------------------
     0 | D:1      | qw the Deep Elf Hunter began the quest for the Orb.
     0 | D:1      | Reached XP level 1. HP: 12/12 MP: 3/3
     0 | D:1      | 0 ||| qw: Version: 0.3-a-9-g12657ce
     0 | D:1      | 0 ||| qw: Game counter: 2334
     0 | D:1      | 0 ||| qw: Always use a shield: true
     0 | D:1      | 0 ||| qw: God list: Okawaru
     0 | D:1      | 0 ||| qw: Allow faded altars: false
     0 | D:1      | 0 ||| qw: Do Orc after D:15 true
     0 | D:1      | 0 ||| qw: Do second Lair branch before Depths: true
     0 | D:1      | 0 ||| qw: Lair rune preference: random
     0 | D:1      | 0 ||| qw: Plans: Normal
     0 | D:1      | 0 ||| PLANNING D:1-11
   353 | D:1      | Reached skill level 6 in Ranged Weapons
   353 | D:1      | Reached XP level 2. HP: 16/16 MP: 4/4
   486 | D:1      | Reached XP level 3. HP: 20/20 MP: 5/5
   647 | D:1      | 647 ||| UPGRADING to +0 ring mail.
   657 | D:1      | 657 ||| DROPPING +0 leather armour.
   658 | D:1      | 658 ||| UPGRADING to ring of poison resistance.
   659 | D:1      | 659 ||| READING scroll labelled MYMERR VILAA.
   660 | D:1      | 660 ||| READING scroll labelled ACWYSE NIONILOD.
   661 | D:1      | 661 ||| DROPPING scroll of butterflies.
   952 | D:2      | Reached skill level 7 in Ranged Weapons
  1224 | D:2      | Reached XP level 4. HP: 21/25 MP: 6/6
  1273 | D:2      | Identified the +12 mace "Midiasuf" {antimagic, rElec rN+}
  1284 | D:2      | Noticed Jessica
  1289 | D:2      | Killed Jessica
  1434 | D:2      | Reached skill level 8 in Ranged Weapons
  1441 | D:2      | 1441 ||| FLEEEEING.
  1443 | D:2      | 1443 ||| FLEEEEING.
  1444 | D:2      | 1444 ||| FLEEEEING.
  1445 | D:2      | 1445 ||| FLEEEEING.
  1446 | D:2      | 1446 ||| FLEEEEING.
  1447 | D:2      | 1447 ||| FLEEEEING.
  1448 | D:2      | 1448 ||| FLEEEEING.
  1450 | D:2      | 1450 ||| FLEEEEING.
  1455 | D:2      | Reached XP level 5. HP: 28/29 MP: 7/7
  1684 | D:2      | 1684 ||| UPGRADING to +0 cloak.
  1689 | D:2      | 1689 ||| READING 2 scrolls labelled ZONAEP GEDGHI.
  1741 | D:2      | 1741 ||| READING scroll labelled RASTUBE DUTEAD.
  1742 | D:2      | 1742 ||| READING scroll labelled TUOGEOKHUSS.
  1743 | D:2      | 1743 ||| DRINKING 2 clear potions.
  1744 | D:2      | 1744 ||| DROPPING scroll of torment.
  1909 | D:3      | Noticed Robin
  1922 | D:3      | HP: 4/29 [Robin/+0 trident (4)]
  1923 | D:3      | 1923 ||| DRINKING potion of heal wounds.
  1927 | D:3      | Succumbed to a gnoll's poison

Levels and vault maps discovered:
D:1:      ncdulo_watergridlock, layout_loops_ring, minmay_pentomino_s4
D:2:      cheibrodos_fertilizer, layout_loops_corners,
          shapermc_ecumenical_altar_petra, uniq_jessica
D:3:      layout_basic, grunt_temple_overflow_forces_of_nature,
          nicolae_goblin_pals

Skill      XL: |  1  2  3  4 |
---------------+-------------+-----
Ranged Weapons | 6 7 8 |  8.6
Fighting       | |  1.5
Dodging        | |  2.4
Stealth        | |  1.2

Action                     |  1- 3 |  4- 6 || total
---------------------------+-------+-------++-------
   Fire: Shortbow          |    91 |    59 ||   150
    Use: Scroll            |     2 |     3 ||     5
         Potion            |       |     2 ||     2
 Armour: Leather armour    |     4 |       ||     4
         Ring mail         |     7 |     9 ||    16
  Dodge: Dodged            |    18 |    31 ||    49

Table legend:
 A = Non-vault XP
 B = Vault XP
 C = Vault XP percentage of total XP
 D = Non-vault monster count
 E = Vault monster count
 F = Vault count percentage of total count
                 A         B        C        D         E       F
            +---------+---------+-------+---------+---------+-------
      Total |     118 |     107 |  47.6 |      40 |      19 |  32.2
            +---------+---------+-------+---------+---------+-------
        D:1 |      35 |       6 |  14.6 |      15 |       4 |  21.1
        D:2 |      62 |     101 |  62.0 |      20 |      15 |  42.9
        D:3 |      21 |       0 |   0.0 |       5 |       0 |   0.0
            +---------+---------+-------+---------+---------+-------
